[Event "Titled Tuesday Blitz May 16 Early 2023"]
[White "Santos Flores, Alberto"]
[Black "Rozman, Levy"]
[WhiteFideId "3601234"]
[BlackFideId "2039877"]
[WhiteElo "2235"]
[BlackElo "2376"]
[Result "0-1"]
[Round "03"]
[TimeControl "180+2"]
[Date "2023.05.16"]
[WhiteClock "0:00:04"]
[BlackClock "0:00:06"]

1. e4 c6 2. d4 d5 3. Nc3 a6 4. Nf3 Bg4 5. h3 Bxf3 6. Qxf3 e6 7. exd5 cxd5 8. Bd3 Nc6 9. Ne2 Nf6 10. c3 g6 11. O-O Bg7 12. Bg5 O-O 13. Rfe1 h6 14. Bh4 g5 15. Bg3 Qb6 16. Rab1 Rfe8 17. h4 Rad8 18. hxg5 hxg5 19. Qe3 e5 20. Qxg5 e4 21. Bc2 Nh7 22. Qg4 Ne7 23. Nf4 Qh6 24. Nh5 Ng6 25. Nxg7 Kxg7 26. f3 Qd2 27. Bb3 Nf6 28. Qf5 exf3 29. Qxf3 Re4 30. Bxd5 Rxe1+ 31. Bxe1 Qc2 32. Qd1 Qxd1 33. Rxd1 Nxd5 34. a3 Re8 35. Bf2 Re2 36. c4 Nf6 37. d5 Ne4 38. d6 Nf8 39. Re1 Rxe1+ 40. Bxe1 Nxd6 41. b3 Kg6 42. Kf2 Ne6 43. Ke3 f5 44. Kd3 Nf4+ 45. Kd4 Nxg2 46. Bf2 Ne4 47. Bg1 Nf4 48. Ke5 Ne2 49. Be3 N2c3 50. b4 Nd1 51. Bc1 Ndc3 52. Ke6 Ne2 53. Be3 f4 54. Bxf4 Nxf4+ 55. Kd7 Nd3 56. Kc7 b5 57. cxb5 axb5 58. Kc6 Nc3 59. Kd6 Nb2 60. Kc5 Nba4+ 61. Kd4 Kg5 62. Ke5 Kg4 63. Kd4 Kf3 64. Ke5 Ke3 65. Kd6 Kd3 66. Kc6 Kc2 0-1


[Site "https://www.chess.com"]

[Event "Titled Tuesday Blitz May 16 Early 2023"]
[White "Lehtosaari, Mauri"]
[Black "Weetik, Vjacheslav"]
[WhiteFideId "501999"]
[BlackFideId "4153472"]
[WhiteElo "2510"]
[BlackElo "2469"]
[Result "0-1"]
[Round "03"]
[TimeControl "180+2"]
[Date "2023.05.16"]
[WhiteClock "0:00:06"]
[BlackClock "0:00:04"]

1. d4 Nf6 2. Nf3 g6 3. Bg5 Bg7 4. Nbd2 d5 5. e3 O-O 6. Be2 Nbd7 7. O-O c5 8. c3 Re8 9. a4 e5 10. dxe5 Nxe5 11. Nxe5 Rxe5 12. Nf3 Re8 13. h3 a6 14. a5 Qd7 15. Re1 Ne4 16. Bf4 Qc6 17. Nd2 Nf6 18. Bf3 Bf5 19. Nc4 Rad8 20. Ne5 Qc8 21. Nd3 Ne4 22. Qe2 d4 23. cxd4 cxd4 24. Rac1 Qe6 25. Nc5 Nxc5 26. Rxc5 d3 27. Qd2 Qb3 28. Rb1 Rc8 29. Rc7 Rxc7 30. Bxc7 Rc8 31. Bb6 Rc2 32. Qd1 Bxb2 33. Bxb7 Qc4 34. e4 Bxe4 35. Bxe4 Qxe4 36. Be3 h5 37. h4 Bf6 38. g3 Kg7 39. Rc1 Re2 40. Rb1 Rxe3 41. fxe3 Qxe3+ 42. Kg2 d2 43. Qf3 Qe1 44. Rd1 Bd4 45. Kh3 Qe6+ 46. Kg2 Be3 47. Qe2 Qe4+ 48. Qf3 Qc2 49. Qe2 Bh6 50. Qf3 Qa2 51. Qe2 Qxa5 52. Qf3 Qa2 53. Qc3+ Kh7 54. Qf3 Qe6 55. Rf1 Kg7 56. Rd1 a5 57. Qc3+ Qf6 58. Qf3 Qxf3+ 59. Kxf3 a4 60. Ke2 Kh7 61. Ra1 Bg7 62. Rxa4 Be5 63. Ra3 Kg7 64. Re3 Bd4 65. Rd3 Be5 66. Rxd2 Kf6 67. Kf3 Kf5 68. Rd5 Ke6 69. Rb5 Kf5 70. Ra5 Ke6 71. Ke4 Bxg3 72. Ra6+ Ke7 73. Ra7+ Kf8 74. Kf3 Bxh4 75. Ra8+ Kg7 76. Ra4 Bf6 77. Kf4 Bc3 78. Rc4 Bd2+ 79. Kf3 g5 80. Ke2 Bf4 81. Kf3 Kg6 82. Rc6+ f6 83. Ra6 Be5 84. Ke4 h4 85. Ra8 h3 86. Rg8+ Kh5 87. Kf5 Kh4 88. Ke4 Kg3 89. Kf5 Kg2 90. Kg4 h2 91. Ra8 h1=Q 92. Ra2+ Kg1 93. Ra1+ Bxa1 94. Kf5 Qf3+ 0-1


[Site "https://www.chess.com"]

[Event "Titled Tuesday Blitz May 16 Early 2023"]
[White "Harsh Suresh"]
[Black "Ronka, Erik"]
[WhiteFideId "45018464"]
[BlackFideId "505080"]
[WhiteElo "2209"]
[BlackElo "2264"]
[Result "1-0"]
[Round "03"]
[TimeControl "180+2"]
[Date "2023.05.16"]
[WhiteClock "0:01:01"]
[BlackClock "0:00:50"]

1. e4 c5 2. Nf3 d6 3. Bb5+ Bd7 4. c4 Nf6 5. Nc3 g6 6. O-O Bg7 7. Re1 O-O 8. Bxd7 Nbxd7 9. d4 cxd4 10. Qxd4 Rc8 11. Bg5 a6 12. Rac1 Qa5 13. b3 Rfe8 14. Qd2 b5 15. Nd5 Qxd2 16. Nxd2 Nxd5 17. exd5 Ne5 18. Re3 bxc4 19. bxc4 Kf8 20. h3 Rc7 21. Kh2 Rec8 22. f4 Nxc4 23. Rxc4 Rxc4 24. Bxe7+ Kg8 25. Nxc4 Rxc4 26. Bxd6 h5 27. Re8+ Kh7 28. Re7 Kg8 29. Be5 Bf8 30. Re8 1-0


[Site "https://www.chess.com"]

[Event "Titled Tuesday Blitz May 16 Early 2023"]
[White "Chernomordik, Pavel"]
[Black "Tanenbaum, Zachary"]
[WhiteFideId "2804530"]
[BlackFideId "2060850"]
[WhiteElo "2193"]
[BlackElo "2175"]
[Result "1/2-1/2"]
[Round "03"]
[TimeControl "180+2"]
[Date "2023.05.16"]
[WhiteClock "0:00:23"]
[BlackClock "0:00:30"]

1. e4 e5 2. Nf3 Nc6 3. Bb5 a6 4. Ba4 d6 5. c3 Nf6 6. Qe2 Be7 7. d4 Bd7 8. h3 O-O 9. Bb3 Re8 10. O-O h6 11. Rd1 Bf8 12. d5 Ne7 13. c4 Ng6 14. Nc3 Nh7 15. Be3 Be7 16. Ba4 Bxa4 17. Nxa4 Ng5 18. Nxg5 Bxg5 19. c5 Bxe3 20. Qxe3 Qh4 21. cxd6 cxd6 22. Nb6 Rad8 23. Rac1 Re7 24. Rc4 Nf4 25. Kh2 Qg5 26. Qg3 Qh5 27. Qg4 Qxg4 28. hxg4 f6 29. Rd2 Kf7 30. g3 Ng6 31. Rdc2 Rde8 32. Rc7 Rxc7 33. Rxc7+ Re7 34. Rc8 Nf8 35. Rc4 Nh7 36. Kg2 Ng5 37. f3 Nh7 38. Kf2 Ng5 39. Ke3 Kf8 40. Rc8+ Kf7 41. Rc3 g6 42. Nc8 Rd7 43. Nb6 Re7 44. Nc8 Rd7 45. Nb6 Re7 1/2-1/2


[Site "https://www.chess.com"]

[Event "Titled Tuesday Blitz May 16 Early 2023"]
[White "Vakhlamov, Igor L."]
[Black "Bilan, Danila"]
[WhiteFideId "24126748"]
[BlackFideId "24161918"]
[WhiteElo "2407"]
[BlackElo "2182"]
[Result "0-1"]
[Round "03"]
[TimeControl "180+2"]
[Date "2023.05.16"]
[WhiteClock "0:01:25"]
[BlackClock "0:00:05"]

1. e4 c6 2. d4 d5 3. exd5 cxd5 4. c4 Nf6 5. Nc3 Nc6 6. Nf3 Bg4 7. cxd5 Nxd5 8. h3 Bxf3 9. Qxf3 e6 10. Bb5 Rc8 11. O-O Be7 12. Nxd5 Qxd5 13. Qxd5 exd5 14. Be3 a6 15. Ba4 O-O 16. Rac1 Bf6 17. Rfd1 Rfd8 18. Kf1 Na5 19. Bc2 g6 20. b3 Be7 21. Bd3 Ba3 22. Rxc8 Rxc8 23. Be2 Nc6 24. Bf3 Nb4 25. Bd2 Nxa2 26. Bxd5 Rd8 27. Bxb7 Rxd4 28. Ke2 Bb4 29. Bxa6 Bxd2 30. Rxd2 Nc1+ 31. Ke3 Rxd2 32. Kxd2 Nxb3+ 33. Ke3 Nc5 34. Bc4 Kg7 35. Kd4 Nd7 36. g4 g5 37. Bb3 Kf6 38. Kd5 Ne5 39. Bc2 h6 40. Be4 Nd7 41. Bd3 Ne5 42. Be2 Ng6 43. Bf1 Nf4+ 44. Ke4 Ne6 45. Bc4 Nf4 46. h4 Ng6 47. h5 Ne5 48. Be2 Nd7 49. Bd1 Ne5 50. f3 Nd7 51. Bb3 Nc5+ 52. Kd5 Nxb3 53. Kc4 Nd2+ 54. Kd3 Nxf3 0-1


[Site "https://www.chess.com"]

[Event "Titled Tuesday Blitz May 16 Early 2023"]
[White "Yelisieiev, Yevhenii"]
[Black "Harshavardhan G B"]
[WhiteFideId "14139642"]
[BlackFideId "25059009"]
[WhiteElo "2403"]
[BlackElo "2323"]
[Result "1/2-1/2"]
[Round "03"]
[TimeControl "180+2"]
[Date "2023.05.16"]
[WhiteClock "0:00:03"]
[BlackClock "0:00:08"]

1. d4 Nf6 2. Nf3 e6 3. c4 b6 4. Nc3 Bb7 5. a3 d5 6. Bg5 Be7 7. e3 O-O 8. cxd5 Nxd5 9. Bxe7 Qxe7 10. Bd3 Nd7 11. Rc1 c5 12. O-O Rfd8 13. Qe2 cxd4 14. Nxd4 Nc5 15. Bb5 Rac8 16. b4 Nxc3 17. Rxc3 Ne4 18. Rxc8 Rxc8 19. Ba6 h6 20. Bxb7 Qxb7 21. f3 Nd6 22. Rd1 Nc4 23. Nb5 a6 24. Nd6 Nxd6 25. Rxd6 Qc7 26. Qd2 a5 27. b5 a4 28. Rc6 Qb8 29. Qd4 Rd8 30. Rxb6 Qc7 31. Rc6 Qb8 32. Rb6 Qc7 33. Rc6 Qe7 34. Qa1 Qg5 35. Qc1 Qxb5 36. Rc8 Rxc8 37. Qxc8+ Kh7 38. Qc2+ g6 39. Kf2 Qb3 40. Qc5 Qb2+ 41. Kg3 h5 42. h4 Qb3 43. e4 Qd1 44. Qe7 Kg7 45. Qb4 e5 46. Qc3 Qd6 47. f4 f6 48. fxe5 fxe5 49. Kh2 Qd4 50. Qc7+ Kh6 51. Qf7 Qc5 52. Qf6 Kh7 53. Qf7+ Kh6 54. Qf6 Qc8 55. Qg5+ Kh7 56. Qxe5 Qg4 57. Qe7+ Kg8 58. Qe8+ Kg7 59. Qe7+ Kg8 60. Qe8+ Kg7 61. Qe5+ Kg8 62. Qb8+ Kh7 63. Qa7+ Kg8 64. Qb8+ Kh7 65. Qa7+ Kg8 66. Qa8+ Kg7 67. Qa7+ Kh8 68. Qa8+ Kh7 69. Qa7+ 1/2-1/2


[Site "https://www.chess.com"]

[Event "Titled Tuesday Blitz May 16 Early 2023"]
[White "Lavrik, Dmitry"]
[Black "Mostbauer, Florian"]
[WhiteFideId "24113190"]
[BlackFideId "1626671"]
[WhiteElo "2345"]
[BlackElo "2234"]
[Result "1/2-1/2"]
[Round "03"]
[TimeControl "180+2"]
[Date "2023.05.16"]
[WhiteClock "0:00:29"]
[BlackClock "0:00:35"]

1. c4 c6 2. Nf3 Nf6 3. g3 d5 4. Bg2 Bf5 5. Qb3 Qb6 6. d3 Nbd7 7. Be3 dxc4 8. dxc4 Qxb3 9. axb3 Bxb1 10. Rxb1 e6 11. Kd1 Bc5 12. Bxc5 Nxc5 13. Kc2 h6 14. b4 Nce4 15. Rhf1 Ke7 16. Ne5 Rhd8 17. Nd3 Rac8 18. f3 Nd6 19. b3 Nf5 20. Kc3 Ne3 21. Rg1 b5 22. Ra1 Rc7 23. Ra6 Nd7 24. Bh1 c5 25. bxc5 bxc4 26. bxc4 Nxc5 27. Nxc5 Rxc5 28. Rxa7+ Kf6 29. Ra4 Rdc8 30. f4 Rxc4+ 31. Rxc4 Nxc4 32. Kd4 Nd6 1/2-1/2


[Site "https://www.chess.com"]

[Event "Titled Tuesday Blitz May 16 Early 2023"]
[White "SereneSalmon"]
[Black "carokannlover213"]
[WhiteElo "2498"]
[BlackElo "2699"]
[Result "0-1"]
[Round "03"]
[TimeControl "180+2"]
[Date "2023.05.16"]
[WhiteClock "0:00:03"]
[BlackClock "0:00:13"]

1. d4 Nf6 2. c4 e6 3. Nf3 d5 4. g3 Bb4+ 5. Bd2 Be7 6. Bg2 O-O 7. O-O c6 8. Qc2 Nbd7 9. Bf4 b6 10. Nbd2 Ba6 11. Rac1 Nh5 12. Rfd1 Nxf4 13. gxf4 Bb7 14. e3 Rc8 15. Qa4 dxc4 16. Qxc4 c5 17. dxc5 Bxc5 18. Qe2 Qe7 19. Nb3 a5 20. Nxc5 Nxc5 21. Nd4 Bxg2 22. Kxg2 e5 23. Nf5 Qf6 24. Qg4 exf4 25. Qxf4 Ne6 26. Qe4 Qg6+ 27. Ng3 f5 28. Qe5 Rxc1 29. Rxc1 f4 30. exf4 Nxf4+ 31. Kh1 Nd3 32. Qd5+ Kh8 33. Rc2 Nb4 34. Qe4 Qxe4+ 35. Nxe4 Nxc2 0-1


[Site "https://www.chess.com"]

[Event "Titled Tuesday Blitz May 16 Early 2023"]
[White "caropawn10"]
[Black "Pinto, Daniel"]
[BlackFideId "3303144"]
[WhiteElo "2694"]
[BlackElo "2145"]
[Result "1-0"]
[Round "03"]
[TimeControl "180+2"]
[Date "2023.05.16"]
[WhiteClock "0:02:46"]
[BlackClock "0:01:24"]

1. c4 c5 2. Nc3 Nc6 3. g3 g6 4. Bg2 Bg7 5. e4 e5 6. Nge2 Nge7 7. O-O O-O 8. d3 Rb8 9. h3 a6 10. a4 d6 11. Rb1 f5 12. f4 fxe4 13. Nxe4 Nf5 14. fxe5 Bxe5 15. g4 Nh4 16. Bg5 1-0


[Site "https://www.chess.com"]

[Event "Titled Tuesday Blitz May 16 Early 2023"]
[White "Prohaszka, Peter"]
[Black "Bethke, Richard"]
[WhiteFideId "726265"]
[BlackFideId "12959243"]
[WhiteElo "2626"]
[BlackElo "2369"]
[Result "0-1"]
[Round "03"]
[TimeControl "180+2"]
[Date "2023.05.16"]
[WhiteClock "0:00:00"]
[BlackClock "0:00:35"]

1. d4 Nf6 2. c3 d5 3. Nf3 c5 4. dxc5 Nc6 5. b4 e6 6. Bb2 a5 7. a3 b6 8. cxb6 Qxb6 9. e3 Ne4 10. Nbd2 Nd6 11. Be2 Be7 12. O-O O-O 13. Nd4 Nxd4 14. exd4 Bd7 15. Qb1 Bb5 16. Bd3 g6 17. Nb3 Bxd3 18. Qxd3 Nc4 19. Qe2 axb4 20. axb4 Bxb4 21. Rab1 Ra2 22. cxb4 Qxb4 23. Bc3 Qa3 24. Qf3 Rc2 25. h4 Rb8 26. Be1 Qa2 27. Nd2 Rxb1 28. Nxb1 Qxb1 29. h5 Rc1 30. h6 Rxe1 31. Rxe1 Qxe1+ 32. Kh2 f5 33. Qb3 Qxf2 34. Qb8+ Kf7 35. Qc7+ Ke8 36. Qc8+ Ke7 37. Qc7+ Kf6 38. Qd8+ Kf7 39. Qd7+ Kf8 40. Qd8+ Kf7 41. Qd7+ Kf6 42. Qg7+ Kg5 43. Qxh7 Ne3 44. Qe7+ Kh5 0-1


[Site "https://www.chess.com"]

[Event "Titled Tuesday Blitz May 16 Early 2023"]
[White "Yurasova, Daria"]
[Black "Begmuratov, Alisher"]
[WhiteFideId "34146919"]
[BlackFideId "14203367"]
[WhiteElo "2109"]
[BlackElo "2387"]
[Result "1-0"]
[Round "03"]
[TimeControl "180+2"]
[Date "2023.05.16"]
[WhiteClock "0:00:05"]
[BlackClock "0:00:01"]

1. e4 c6 2. d4 d6 3. Bd3 Nf6 4. c3 e5 5. Bg5 Be7 6. Nd2 O-O 7. Ne2 d5 8. dxe5 Nxe4 9. Nxe4 dxe4 10. Bxe7 Qxe7 11. Bxe4 Qxe5 12. Qc2 g6 13. O-O Nd7 14. Rfe1 Nf6 15. Bf3 Qc7 16. Nd4 Bg4 17. Bxg4 Nxg4 18. Nf3 Rad8 19. h3 Nf6 20. Rad1 Qb6 21. Qb3 Qc7 22. Qc4 Nd5 23. Qh4 Kg7 24. Ng5 Nf6 25. Rxd8 Rxd8 26. Ne4 Nxe4 27. Qxe4 Rd2 28. b4 Qd6 29. a4 Qf6 30. Qe3 Rc2 31. Qxa7 Qxc3 32. Qe3 Qxb4 33. Qe5+ Kg8 34. Qb8+ Kg7 35. Qe5+ f6 36. Qc7+ Kh6 37. Re7 Rc1+ 38. Kh2 f5 39. Rxh7+ Kg5 40. h4+ 1-0


[Site "https://www.chess.com"]

[Event "Titled Tuesday Blitz May 16 Early 2023"]
[White "Khamdamova, Afruza"]
[Black "Mirzoev, Azer"]
[WhiteFideId "14210444"]
[BlackFideId "13400304"]
[WhiteElo "2312"]
[BlackElo "2525"]
[Result "0-1"]
[Round "03"]
[TimeControl "180+2"]
[Date "2023.05.16"]
[WhiteClock "0:00:00"]
[BlackClock "0:00:16"]

1. e4 c5 2. Nf3 e6 3. d4 cxd4 4. Nxd4 a6 5. c4 Nc6 6. Nc3 Nge7 7. Be3 g6 8. Be2 Bg7 9. Nxc6 Nxc6 10. O-O O-O 11. Bc5 Re8 12. Na4 d6 13. Qxd6 Nd4 14. Bd1 b5 15. Nb6 Qxd6 16. Bxd6 Ra7 17. c5 Bb7 18. f3 Bc6 19. Rc1 b4 20. Kh1 Nb5 21. Ba4 Bxb2 22. Rb1 Bc3 23. Rfd1 f5 24. e5 g5 25. Bb3 g4 26. fxg4 Rg7 27. h3 fxg4 28. h4 g3 29. Rf1 Rg4 30. Rbd1 Rxh4+ 31. Kg1 Bd4+ 32. Rxd4 Nxd4 33. Rf6 Nxb3 34. a3 bxa3 0-1


[Site "https://www.chess.com"]

[Event "Titled Tuesday Blitz May 16 Early 2023"]
[White "Krysa, Leandro"]
[Black "Ladan, Nicholas"]
[WhiteFideId "116807"]
[BlackFideId "30918855"]
[WhiteElo "2489"]
[BlackElo "2167"]
[Result "1-0"]
[Round "03"]
[TimeControl "180+2"]
[Date "2023.05.16"]
[WhiteClock "0:00:07"]
[BlackClock "0:00:00"]

1. e4 e5 2. Nf3 Nc6 3. d4 exd4 4. Nxd4 Bc5 5. Nb3 Bb6 6. Nc3 Nge7 7. Bf4 O-O 8. Qd2 f5 9. exf5 Nxf5 10. O-O-O d6 11. Bc4+ Kh8 12. Rhe1 Nfd4 13. Bg5 Qd7 14. Nxd4 Nxd4 15. Nd5 Qf5 16. Be7 Nc6 17. Bxf8 Qxf8 18. f4 Bg4 19. Be2 Bf5 20. Kb1 Ba5 21. Nc3 Nb4 22. Rc1 c6 23. g4 Bg6 24. f5 Bf7 25. Qf4 Nd5 26. Nxd5 Bxe1 27. Rxe1 Bxd5 28. b3 Re8 29. Qd2 Qe7 30. Kc1 Qf6 31. c3 Re5 32. Bd1 h6 33. Kb2 Be4 34. Qd4 c5 35. Qd2 Bc6 36. Bc2 Qe7 37. Rxe5 Qxe5 38. h4 d5 39. g5 hxg5 40. hxg5 d4 41. cxd4 cxd4 42. Bd3 Be4 43. Qe2 Qxf5 44. Qxe4 Qf2+ 45. Ka3 Kg8 46. Qe8+ Qf8+ 47. Qxf8+ Kxf8 48. Kb4 Ke7 49. Kc4 Kd6 50. g6 Ke5 51. b4 b6 52. b5 Kd6 53. Kxd4 Kc7 54. Ke5 Kd7 55. Kd5 Ke7 56. Kc6 Kd8 57. Kb7 1-0


[Site "https://www.chess.com"]

[Event "Titled Tuesday Blitz May 16 Early 2023"]
[White "Martins, Vinicius Tine"]
[Black "Souleidis, Georgios"]
[WhiteFideId "2112884"]
[BlackFideId "4206827"]
[WhiteElo "2373"]
[BlackElo "2401"]
[Result "0-1"]
[Round "03"]
[TimeControl "180+2"]
[Date "2023.05.16"]
[WhiteClock "0:00:29"]
[BlackClock "0:00:26"]

1. e4 c5 2. Nf3 e6 3. c3 d5 4. exd5 exd5 5. d4 Nf6 6. Bb5+ Bd7 7. Bxd7+ Nbxd7 8. O-O Be7 9. dxc5 Nxc5 10. Be3 O-O 11. Nbd2 a6 12. Bxc5 Bxc5 13. Nb3 Bd6 14. Qd3 Bc7 15. Rad1 Qd6 16. g3 Rad8 17. Nfd4 Rfe8 18. Rfe1 g6 19. f3 h5 20. Nd2 h4 21. Nf1 hxg3 22. hxg3 Kg7 23. Kg2 Nh5 24. f4 Rxe1 25. Rxe1 Qxf4 26. Re7 Qd6 27. Ne6+ Kg8 28. Nxd8 Qxe7 29. Nxb7 Bxg3 30. Qxa6 Qe4+ 31. Kg1 Nf4 0-1


[Site "https://www.chess.com"]

[Event "Titled Tuesday Blitz May 16 Early 2023"]
[White "Arabidze, Meri"]
[Black "Onufrienko, Vladislav"]
[WhiteFideId "13604040"]
[BlackFideId "13804332"]
[WhiteElo "2405"]
[BlackElo "1814"]
[Result "1-0"]
[Round "03"]
[TimeControl "180+2"]
[Date "2023.05.16"]
[WhiteClock "0:01:19"]
[BlackClock "0:00:37"]

1. d4 d5 2. c4 c6 3. Nf3 e6 4. Nbd2 f5 5. e3 Nf6 6. Ne5 Bd6 7. Bd3 O-O 8. O-O c5 9. Ndf3 b6 10. b3 Bb7 11. Bb2 Qe7 12. Rc1 Ne4 13. Ne1 Nc6 14. f3 Nf6 15. Bb1 Rac8 16. N1d3 Rfd8 17. Qe2 Ba6 18. Rfd1 Bb7 19. Qf2 cxd4 20. exd4 Nb4 21. Nf4 dxc4 22. bxc4 Bxe5 23. dxe5 Ne8 24. h4 Rxd1+ 25. Rxd1 Rxc4 26. Qg3 Nd5 27. Nxd5 Bxd5 28. Bxf5 Qc5+ 29. Kh2 exf5 30. e6 Bxe6 31. Rd8 Kf8 32. Qxg7# 1-0


[Site "https://www.chess.com"]

[Event "Titled Tuesday Blitz May 16 Early 2023"]
[White "Kvaloy, Aksel Bu"]
[Black "Lorenzo De La Riva, Lazaro"]
[WhiteFideId "1528815"]
[BlackFideId "2268809"]
[WhiteElo "2242"]
[BlackElo "2294"]
[Result "1-0"]
[Round "03"]
[TimeControl "180+2"]
[Date "2023.05.16"]
[WhiteClock "0:00:36"]
[BlackClock "0:00:21"]

1. e4 c5 2. Nf3 Nc6 3. d4 cxd4 4. Nxd4 Nf6 5. Nc3 e6 6. Ndb5 Bb4 7. a3 Bxc3+ 8. Nxc3 d5 9. exd5 exd5 10. Bd3 O-O 11. O-O d4 12. Ne2 Bg4 13. f3 Bh5 14. Bg5 Bg6 15. Bxg6 hxg6 16. Qd2 Qb6 17. Kh1 Rfd8 18. Rfd1 Rac8 19. b3 Ne5 20. Nxd4 Rd7 21. Qe3 Re8 22. Bxf6 gxf6 23. f4 Qd8 24. Qg1 Ng4 25. Rd3 Re4 26. Rad1 Qe8 27. c3 Ne3 28. Re1 Nf5 29. Rxe4 Qxe4 30. Rd1 Qxf4 31. Nxf5 Qxf5 32. Rxd7 Qxd7 33. h3 b6 34. Qd4 Qxd4 35. cxd4 Kf8 36. Kg1 Ke7 37. Kf2 Kd6 38. g4 g5 39. Ke3 Kd5 40. Kd3 a6 41. a4 a5 42. Ke3 Kd6 43. Ke4 Ke6 44. d5+ Kd6 45. Kf5 Kxd5 46. Kxf6 Kc5 47. Kxg5 Kb4 48. h4 Kxb3 49. h5 Kxa4 50. h6 b5 51. h7 b4 52. h8=Q b3 53. Qb2 Kb4 54. Kf6 a4 55. Kxf7 a3 56. Qd4+ Kb5 57. Qc3 Ka4 58. Qc4+ Ka5 59. Qxb3 a2 60. Qxa2+ Kb4 61. Qd5 Kc3 62. Qe4 Kb2 63. Qd3 Kc1 64. Qe2 Kb1 65. Ke6 Ka1 66. Kd5 Kb1 67. Kc4 Kc1 68. Kb3 Kb1 69. Qe1# 1-0


[Site "https://www.chess.com"]

[Event "Titled Tuesday Blitz May 16 Early 2023"]
[White "Priasmoro, Novendra"]
[Black "Ljukin, Sergei"]
[WhiteFideId "7105029"]
[BlackFideId "14102200"]
[WhiteElo "2412"]
[BlackElo "2312"]
[Result "1-0"]
[Round "03"]
[TimeControl "180+2"]
[Date "2023.05.16"]
[WhiteClock "0:02:02"]
[BlackClock "0:00:20"]

1. e4 e6 2. d4 d5 3. Nc3 Bb4 4. e5 Ne7 5. Qg4 c5 6. a3 Bxc3+ 7. bxc3 Qc7 8. Qxg7 Rg8 9. Qxh7 cxd4 10. Ne2 Nbc6 11. h4 Bd7 12. h5 O-O-O 13. Bf4 Nf5 14. h6 Nxe5 15. cxd4 Nxd4 16. Bxe5 Qxe5 17. f4 Qe3 18. Rh3 1-0


[Site "https://www.chess.com"]

[Event "Titled Tuesday Blitz May 16 Early 2023"]
[White "Balla, Tamas-Kristof"]
[Black "Girya, Olga"]
[WhiteFideId "1208497"]
[BlackFideId "4195752"]
[WhiteElo "2334"]
[BlackElo "2263"]
[Result "1/2-1/2"]
[Round "03"]
[TimeControl "180+2"]
[Date "2023.05.16"]
[WhiteClock "0:00:06"]
[BlackClock "0:00:09"]

1. d4 Nf6 2. Nc3 e6 3. Bf4 d5 4. Nb5 Bd6 5. Nxd6+ cxd6 6. e3 Nc6 7. c3 e5 8. dxe5 dxe5 9. Bg3 Ne4 10. Nf3 Nxg3 11. hxg3 Be6 12. Bb5 f6 13. Qa4 Qb6 14. O-O-O a6 15. Be2 O-O-O 16. Kb1 Kb8 17. Ka1 h6 18. Nh4 g5 19. Nf3 g4 20. Nd2 h5 21. Nb3 Bf7 22. Rd2 Ne7 23. Rhd1 Nf5 24. Qa5 Qxa5 25. Nxa5 Nd6 26. c4 Ne4 27. c5 Nxc5 28. Bd3 Be6 29. b4 Nxd3 30. Rxd3 h4 31. gxh4 Rxh4 32. g3 Rh2 33. R3d2 Rd6 34. Nb3 b6 35. Kb2 Kb7 36. a3 Rc6 37. Nc1 Rc7 38. Na2 Rch7 39. Nc3 Rg2 40. Re2 Rhh2 41. Rdd2 Bf7 42. Nxd5 Bxd5 43. Rxd5 Rxf2 44. Rxf2 Rxf2+ 45. Kc3 Rf3 46. Kd3 Rxg3 47. Rd7+ Kc6 48. Rf7 Rf3 49. Rg7 g3 50. Ke4 Rf1 51. Rxg3 Kb5 52. Rg7 Ka4 53. Ra7 a5 54. bxa5 bxa5 55. Kd5 Ra1 56. e4 Rxa3 57. Ke6 Rf3 58. Kd5 Rf4 59. Ra8 Kb4 60. Rb8+ Ka3 61. Ra8 a4 62. Rb8 Ka2 63. Ra8 a3 64. Rb8 Ka1 65. Rb7 a2 66. Rb8 Rf2 67. Kc4 Rb2 68. Rh8 Rb1 69. Rh2 Rc1+ 70. Kb3 Kb1 71. Rb2+ Ka1 72. Rxa2+ Kb1 73. Rb2+ Ka1 74. Ra2+ Kb1 75. Rb2+ Ka1 76. Ra2+ 1/2-1/2


[Site "https://www.chess.com"]

[Event "Titled Tuesday Blitz May 16 Early 2023"]
[White "Martinez Ramirez, Lennis"]
[Black "Aarav Dengla"]
[WhiteFideId "3509079"]
[BlackFideId "45059756"]
[WhiteElo "2410"]
[BlackElo "2288"]
[Result "1-0"]
[Round "03"]
[TimeControl "180+2"]
[Date "2023.05.16"]
[WhiteClock "0:00:46"]
[BlackClock "0:00:10"]

1. c4 e6 2. d4 d5 3. Nc3 a6 4. cxd5 exd5 5. Bf4 Nf6 6. Qc2 c5 7. Nf3 Nc6 8. Rd1 cxd4 9. Nxd4 Nxd4 10. Rxd4 Bc5 11. Rd1 d4 12. e3 Qe7 13. Rxd4 Bxd4 14. Qa4+ Bd7 15. Qxd4 Bc6 16. Bd6 Qe6 17. Bc4 Qf5 18. f3 O-O-O 19. e4 Qg5 20. Bxf7 Rhe8 21. Bxe8 Nxe8 22. e5 Qxg2 23. Rf1 Nxd6 24. exd6 Re8+ 25. Ne4 Qxh2 26. Kd1 Qe5 27. d7+ Bxd7 28. Nd6+ Kd8 29. Nf7+ 1-0


[Site "https://www.chess.com"]

[Event "Titled Tuesday Blitz May 16 Early 2023"]
[White "Hirneise, Jens"]
[Black "Batchuluun, Tsegmed"]
[WhiteFideId "24614734"]
[BlackFideId "4900847"]
[WhiteElo "2345"]
[BlackElo "2386"]
[Result "1/2-1/2"]
[Round "03"]
[TimeControl "180+2"]
[Date "2023.05.16"]
[WhiteClock "0:00:55"]
[BlackClock "0:01:00"]

1. Nf3 d5 2. e3 Nf6 3. c4 c5 4. b3 Nc6 5. cxd5 Nxd5 6. Bb2 e6 7. Be2 f6 8. O-O Be7 9. d4 O-O 10. Nc3 Nxc3 11. Bxc3 cxd4 12. Nxd4 Nxd4 13. Qxd4 Qxd4 14. Bxd4 e5 15. Bb2 Be6 16. Rfc1 Rac8 17. Rxc8 Rxc8 18. Rc1 Rxc1+ 19. Bxc1 Kf7 20. e4 Ke8 21. Kf1 Kd7 22. Be3 a6 23. Ke1 Kc6 24. Kd2 b5 25. Kc3 b4+ 26. Kd2 a5 27. Bd3 Bc5 28. Bxc5 Kxc5 29. Ke3 a4 30. Bc2 a3 31. Bd1 g5 32. g4 h6 33. h3 Bf7 34. f3 h5 35. Bc2 h4 36. Bd1 Be8 37. Bc2 Bb5 38. Bd3 Bd7 39. Bc2 Be6 40. Bd1 Bf7 41. Bc2 Be8 42. Bd1 Bb5 43. Be2 Ba4 44. Bc4 Bd7 45. Kd3 Bc6 46. Ke3 Bd7 47. Kd3 Bc6 48. Ke3 Bd7 1/2-1/2


[Site "https://www.chess.com"]

[Event "Titled Tuesday Blitz May 16 Early 2023"]
[White "Colas, Joshua"]
[Black "Hamley, Ryan"]
[WhiteFideId "2044447"]
[BlackFideId "30959497"]
[WhiteElo "2347"]
[BlackElo "2480"]
[Result "0-1"]
[Round "03"]
[TimeControl "180+2"]
[Date "2023.05.16"]
[WhiteClock "0:01:24"]
[BlackClock "0:01:00"]

1. Nf3 g6 2. c4 Bg7 3. g3 Nf6 4. b3 O-O 5. Bb2 d6 6. d4 Nbd7 7. Bg2 e5 8. dxe5 Ng4 9. Qd2 Ngxe5 10. Nxe5 Nxe5 11. Nc3 Re8 12. O-O Rb8 13. Rad1 Be6 14. Nd5 Bxd5 15. Bxd5 Qe7 16. Rfe1 h5 17. f4 Ng4 18. Bxg7 Kxg7 19. Be4 Qxe4 20. Qc3+ Kh7 21. Rd5 Qe3+ 22. Qxe3 Rxe3 23. c5 dxc5 24. Rd7 Kg7 25. Rxc7 b6 26. Rxa7 Rbe8 27. Ra6 Rxe2 28. Rxe2 Rxe2 29. h3 Ne3 30. Rxb6 Rg2+ 31. Kh1 Rxa2 32. Rc6 Rb2 33. Rxc5 Rxb3 34. Rc4 Nf5 35. g4 Rxh3+ 36. Kg2 Ne3+ 37. Kxh3 hxg4+ 38. Kh4 Nxc4 39. f5 gxf5 40. Kg3 Kf6 41. Kf4 Nd6 42. Kg3 Kg5 43. Kh2 f4 44. Kg2 g3 45. Kf3 f5 46. Kg2 Kg4 47. Kh1 f3 48. Kg1 Kh3 49. Kh1 Ne4 50. Kg1 Nf2 51. Kf1 Kh2 52. Ke1 g2 53. Kd2 g1=Q 54. Ke3 Ne4+ 55. Kf4 Qg3+ 56. Kxf5 f2 57. Ke6 f1=Q 58. Kd5 Qfd3+ 59. Kc6 Qgd6+ 60. Kb7 Q3a6# 0-1


[Site "https://www.chess.com"]